 Dungeon Crawl Stone Soup version 0.22-a0-32-ga749362 (webtiles) character file.

98924 mopl the Unseen (level 16, -2/113 HPs)
             Began as a Formicid Enchanter on Jan 2, 2018.
             Was the Champion of Dithmenos.
             Slain by a four-headed hydra (7 damage)
             ... on level 1 of the Swamp on Jan 3, 2018.
             The game lasted 01:21:36 (24060 turns).

mopl the Unseen (Formicid Enchanter)               Turns: 24060, Time: 01:21:37

Health: -2/113     AC:  6    Str: 15    XL:     16   Next: 74%
Magic:  23/33      EV: 16    Int: 15    God:    Dithmenos [******]
Gold:   1634       SH: 11    Dex: 16    Spells: 4/26 levels left

rFire    . . .     SeeInvis +   a - +0 dagger (elec)
rCold    . . .     Gourm    .   f - +0 shield {reflect}
rNeg     . . .     Faith    .   w - +1 robe {MR+}
rPois    .         Spirit   .   (helmet unavailable)
rElec    .         Reflect  +   Z - scarf {repulsion}
rCorr    .         Harm     .   h - +1 pair of gloves
MR       ++...                  L - +0 pair of boots
Stlth    ++++++++++             F - amulet of regeneration
HPRegen  0.68/turn              q - ring of magical power
MPRegen  0.23/turn              U - ring of stealth

@: wreathed by umbra, repel missiles
A: permanent stasis, dig shafts and tunnels, four strong arms, antennae 3
a: Dig, Shaft Self, Shadow Step, Shadow Form, Renounce Religion


You were on level 1 of the Swamp.
You worshipped Dithmenos.
Dithmenos was exalted by your worship.
You were not hungry.

You visited 5 branches of the dungeon, and saw 25 of its levels.
You also visited: Sewer.

You collected 2581 gold pieces.
You spent 947 gold pieces at shops.

Inventory:

Hand Weapons
 a - a +0 dagger of electrocution (weapon)
 B - a +0 rapier
Missiles
 D - 4 javelins
 J - 5 tomahawks (quivered)
 P - 3 throwing nets
 S - 5 tomahawks of dispersal
Armour
 f - a +0 shield of reflection (worn)
 h - a +1 pair of gloves (worn)
 w - a +1 robe of magic resistance (worn)
 L - a +0 pair of boots (worn)
 Z - a scarf of repulsion (worn)
Jewellery
 e - an uncursed ring of protection from fire
 p - an uncursed ring of resist corrosion
 q - a ring of magical power (left hand)
 F - an amulet of regeneration (around neck)
 U - a ring of stealth (right hand)
 V - an uncursed ring of protection from cold
Wands
 c - a wand of acid (2)
 M - a wand of polymorph (23)
 N - a wand of paralysis (19)
 R - a wand of iceblast (16)
 W - a wand of enslavement (33)
Scrolls
 j - 2 scrolls of summoning
 o - 8 scrolls of magic mapping
 r - 13 scrolls of remove curse
 s - 7 scrolls of fog
 x - 5 scrolls of vulnerability
 K - 8 scrolls of identify
 O - a scroll of silence {!r}
Potions
 g - 2 potions of ambrosia
 k - 6 potions of flight
 l - 3 potions of resistance
 n - 5 potions of heal wounds
 u - 5 potions of brilliance
 v - 10 potions of curing
 A - 7 potions of lignification {!q}
 E - 2 potions of invisibility
 H - 3 potions of might
 I - 5 potions of agility
 Q - a potion of magic
Miscellaneous
 m - 2 boxes of beasts
 Y - a lightning rod (4/4)
Comestibles
 d - 46 rations
 C - 4 chunks of flesh


   Skills:
 + Level 6.5 Fighting
 + Level 10.9 Short Blades
 + Level 8.1 Throwing
 + Level 5.9 Dodging
 * Level 15.7 Stealth
 - Level 9.0 Shields
 - Level 5.5 Spellcasting
 - Level 4.0 Conjurations
 * Level 14.7 Hexes
 - Level 4.0 Necromancy
 + Level 4.5 Transmutations
 - Level 4.0 Ice Magic
 + Level 5.5 Earth Magic
 + Level 11.8 Invocations


You had 4 spell levels left.
You knew the following spells:

 Your Spells              Type           Power        Failure   Level  Hunger
a - Corona                Hex            #####..      1%          1    None
b - Ensorcelled Hibernat  Hex/Ice        ####..       1%          2    #......
c - Confuse               Hex            #####...     1%          3    ###....
d - Tukima's Dance        Hex            #####...     1%          3    ###....
g - Dazzling Spray        Conj/Hex       ####..       1%          3    ###....
p - Passwall              Tmut/Erth      ###.......   3%          2    #......
r - Regeneration          Chrm/Necr      ##........   21%         3    ###....
C - Corpse Rot            Necr           N/A          4%          2    #......
P - Portal Projectile     Hex/Tloc       ####..       2%          3    ###....


Dungeon Overview and Level Annotations

Branches:
Dungeon (15/15)            Temple (1/1) D:5            Lair (6/6) D:9
  Swamp (1/4) Lair:2       Spider (0/4) Lair:2        Slime (0/5) Lair:5
    Orc (2/2) D:11            Elf (0/3) Orc:2        Vaults (0/5) D:13
 Depths (0/5) D:15

Altars:
Ashenzari
Cheibriados
Dithmenos
Fedhas
Hepliaklqana
Makhleb
Nemelex Xobeh
Okawaru
Qazlal
Sif Muna
Trog
Uskayaw
Wu Jian
Xom
Yredelemnul
The Shining One
Jiyva

Shops:
D:4 **}}   D:5 }(?*   D:6 (   D:11 ([   D:13 :   Orc:2 [*(:

Portals:
Trove: D:13 (give horn of Geryon)


Innate Abilities, Weirdness & Mutations

You cannot be hasted, slowed, berserked, paralysed or teleported.
You can dig through walls and to a lower floor.
Your four strong arms can wield two-handed weapons with a shield.
You have a pair of large antennae on your head. (SInv)


Message History

The four-headed hydra bites you.
The swamp dragon breathes poison at you.
The blast of poison misses you.
You hear a deafening roar!
You hear an angry hiss.
The four-headed hydra bites you!
* * * LOW HITPOINT WARNING * * *
The four-headed hydra closely misses you.
The four-headed hydra bites you!
* * * LOW HITPOINT WARNING * * *
The four-headed hydra bites you!
* * * LOW HITPOINT WARNING * * *
The four-headed hydra bites you!
* * * LOW HITPOINT WARNING * * *
The four-headed hydra bites you but does no damage.
The four-headed hydra barely misses you.
You block the four-headed hydra's attack.
You feel much better. The four-headed hydra bites you!
* * * LOW HITPOINT WARNING * * *
The four-headed hydra bites you!
You die...

♣♣♣ ♣♣≈....≈≈≈≈≈
♣♣.. ♣.≈.≈...≈≈≈≈
♣≈≈≈ ♣♣.≈≈≈≈§..≈≈≈
♣...♣♣♣≈≈≈≈≈≈≈..≈≈≈
♣≈§§§§§≈....♣♣♣.
♣♣§.§§§§...♣♣♣
♣♣♣..≈♣D§§≈..♣
♣♣....≈♣D§§≈.≈♣
♣≈.....@♣♣♣♣♣♣..
♣♣......≈♣ .≈
♣..≈≈≈:♣♣
♣..≈≈≈...♣
≈..≈≈≈≈...§..
...≈≈≈≈§≈..§§≈.
..≈≈≈≈§≈...tD≈≈
≈≈.≈≈....:..≈≈≈
≈≈........≈≈≈..


You could see a four-headed hydra and a swamp dragon.

Vanquished Creatures
  Gastronok (Orc:1)
  Donald (Orc:1)
  A tengu reaver (D:14)
  A fire giant (D:14)
  An orc warlord (Orc:2)
  3 entropy weavers (Lair:3)
  Snorg (Orc:1)
  A fire dragon (D:14)
  Josephine (D:11)
  Erolcha (Orc:1)
  5 hydras
  2 ghost crabs (Lair:3)
  4 vault guards (D:13)
  A death knight (D:15)
  An alligator (Swamp:1)
  8 two-headed ogres
  2 centaur warriors
  A deep troll earth mage (D:14)
  A tengu warrior (D:10)
  4 orc high priests (Orc:2)
  5 fire crabs (Lair:3)
  2 skeletal warriors (D:15)
  2 unseen horrors
  A phantasmal warrior (D:15)
  A necromancer (D:15)
  3 orc sorcerers (Orc:2)
  A deep elf mage (D:15)
  4 orc knights
  2 ugly things
  3 cyclopes
  A manticore (D:13)
  8 elephants
  4 black mambas
  An apocalypse crab (Lair:3)
  9 spiny frogs
  A torpor snail (Lair:5)
  A spriggan zombie (D:15)
  5 centaur skeletons
  A yaktaur zombie (D:15)
  2 tengu conjurers (D:15)
  2 kobold demonologists
  12 komodo dragons
  A demonic crawler (Lair:2)
  2 guardian mummies (D:13)
  2 trolls
  A tyrant leech (Lair:2)
  7 polar bears
  6 hornets
  A deep troll zombie (D:15)
  Prince Ribbit (D:7)
  An ettin zombie (D:15)
  13 hippogriffs
  15 slime creatures
  2 dream sheep
  24 blink frogs
  A shadow (D:12)
  2 wyverns
  45 yaks
  12 spriggans
  6 wraiths
  3 vampire mosquitoes (Lair:3)
  Grum (D:8)
  A basilisk (D:15)
  3 wargs
  4 insubstantial wisps
  3 swamp worms (Lair:2)
  13 water moccasins
  Duvessa (D:6)
  8 porcupines
  An acid dragon (D:12)
  2 ice beasts
  26 orc warriors
  A necrophage (D:7)
  2 phantoms (D:4)
  An eye of draining (D:11)
  4 black bears
  5 sky beasts
  25 wolves
  8 centaurs
  16 ogres
  5 boggarts
  15 crocodiles
  8 big kobolds
  A gnoll sergeant (D:7)
  Blork the orc (D:4)
  12 bullfrogs
  A wyvern zombie (D:13)
  Dowan (D:6)
  4 scorpions
  15 killer bees
  7 wights
  4 howler monkeys
  7 crimson imps
  6 bullfrog zombies
  3 hounds
  2 quasits
  6 jellies
  19 orc priests
  A bullfrog skeleton (D:10)
  A gnoll shaman (D:4)
  29 orc wizards
  3 iguanas
  Natasha (thrice) (D:2)
  9 worker ants
  Terence (D:2)
  A killer bee zombie (D:9)
  3 hound zombies
  2 hound skeletons
  12 gnolls
  3 river rats (Sewer)
  15 adders
  3 shadow imps
  An ooze (D:2)
  7 worms
  3 dart slugs
  3 leopard geckos
  83 orcs
  8 bats
  14 giant cockroaches
  8 goblins
  3 hobgoblins
  18 jackals
  2 quokkas
  A ball python (D:2)
  A frilled lizard (D:3)
  21 kobolds
  A leopard gecko skeleton (D:7)
  A quokka skeleton (D:4)
  4 rats
  4 plants
768 creatures vanquished.

Vanquished Creatures (collateral kills)
  A centaur simulacrum (D:15)
  Sigmund (D:6)
2 creatures vanquished.

Vanquished Creatures (others)
  2 dancing weapons (D:8)
  A centaur (D:13)
  A kobold (D:14)
  7 fungi
11 creatures vanquished.

Grand Total: 781 creatures vanquished

Notes
Turn   | Place    | Note
-------+----------+-------------------------------------------
     0 | D:1      | mopl the Formicid Enchanter began the quest for the Orb.
     0 | D:1      | Reached XP level 1. HP: 13/13 MP: 3/3
   155 | D:1      | Reached XP level 2. HP: 19/19 MP: 5/5
   159 | D:1      | Learned a level 2 spell: Ensorcelled Hibernation
   363 | D:1      | You fall through a shaft!
   364 | D:2      | Reached skill level 4 in Stealth
   364 | D:2      | Reached XP level 3. HP: 24/24 MP: 6/6
   365 | D:2      | Reached skill level 4 in Hexes
   375 | D:2      | Learned a level 3 spell: Confuse
   865 | D:2      | Reached XP level 4. HP: 30/30 MP: 6/8
   914 | D:2      | Reached skill level 1 in Ice Magic
  1167 | D:2      | Noticed Natasha
  1172 | D:2      | Killed Natasha
  1172 | D:2      | Reached skill level 2 in Short Blades
  1267 | D:2      | Reached XP level 5. HP: 35/35 MP: 9/9
  1289 | D:2      | Noticed Natasha
  1293 | D:2      | Killed Natasha
  1293 | D:2      | Reached skill level 3 in Spellcasting
  1352 | D:2      | Learned a level 3 spell: Dazzling Spray
  1439 | D:2      | Noticed Natasha
  1441 | D:2      | Killed Natasha
  1496 | D:2      | Noticed Terence
  1498 | D:2      | Killed Terence
  1600 | D:3      | Reached skill level 2 in Ice Magic
  1600 | D:3      | Reached XP level 6. HP: 32/41 MP: 8/11
  1908 | D:3      | Reached skill level 5 in Stealth
  2152 | D:4      | Found a blossoming altar of Fedhas.
  2154 | D:4      | Noticed Blork the orc
  2209 | D:3      | Reached skill level 5 in Hexes
  2271 | D:4      | Reached skill level 3 in Short Blades
  2271 | D:4      | Reached XP level 7. HP: 31/46 MP: 3/12
  2282 | D:4      | Killed Blork the orc
  2613 | D:3      | Reached skill level 4 in Spellcasting
  2615 | D:3      | Reached skill level 3 in Ice Magic
  3034 | D:4      | Found Nuzxiz's General Store.
  3056 | D:4      | Bought a potion of degeneration for 14 gold pieces
  3056 | D:4      | Bought a scroll of identify for 28 gold pieces
  3056 | D:4      | Bought a scroll of identify for 28 gold pieces
  3056 | D:4      | Bought a scroll of random uselessness for 14 gold pieces
  3120 | D:4      | Found Aniczis's Assorted Antiques.
  3127 | D:4      | Bought a scroll labeled OTRYMPIVATS for 32 gold pieces
  3127 | D:4      | Bought a scroll labeled ISUFEDOCKA for 32 gold pieces
  3202 | D:4      | Found Rirogh's Gadget Boutique.
  3300 | D:4      | Found Iqot's Gadget Emporium.
  3344 | D:5      | Entered Level 5 of the Dungeon
  3364 | D:5      | Reached skill level 6 in Stealth
  3364 | D:5      | Reached XP level 8. HP: 49/52 MP: 6/14
  3679 | D:5      | Reached skill level 6 in Hexes
  3835 | D:5      | Learned a level 3 spell: Tukima's Dance
  3837 | D:5      | Found Foteid's General Store.
  3843 | D:5      | Bought a cursed amulet of inaccuracy for 24 gold pieces
  3843 | D:5      | Bought a scroll of teleportation for 36 gold pieces
  3929 | D:5      | Reached skill level 4 in Short Blades
  4148 | D:5      | Found Xiroc's Antique Weapon Shoppe.
  4153 | D:5      | Found Jebrotaw's Magic Scroll Shop.
  4364 | D:5      | Bought a scroll of magic mapping for 38 gold pieces
  4393 | D:5      | Found a staircase to the Ecumenical Temple.
  4406 | Temple   | Entered the Ecumenical Temple
  4448 | Temple   | Became a worshipper of Dithmenos the Shadowed
  4549 | D:5      | Reached skill level 4 in Ice Magic
  4598 | D:5      | Found Ofomiuq's Gadget Shop.
  4696 | D:6      | Found a glowing drain.
  4733 | Sewer    | Entered a sewer
  4848 | Sewer    | Found a glowing silver altar of Zin.
  4918 | D:6      | Found Laxzad's Weapon Boutique.
  4935 | D:6      | Noticed Sigmund
  4948 | D:6      | Killed Sigmund
  4948 | D:6      | Reached skill level 7 in Stealth
  4948 | D:6      | Reached skill level 1 in Shields
  4948 | D:6      | Reached skill level 5 in Spellcasting
  4948 | D:6      | Reached skill level 1 in Invocations
  5057 | D:6      | Reached XP level 9. HP: 57/57 MP: 13/16
  5174 | D:6      | Noticed Duvessa
  5174 | D:6      | Noticed Dowan
  5207 | D:6      | Killed Duvessa
  5207 | D:6      | Reached skill level 2 in Shields
  5211 | D:6      | Killed Dowan
  5211 | D:6      | Reached * piety under Dithmenos
  5282 | D:6      | Reached skill level 2 in Invocations
  5392 | D:7      | Reached skill level 7 in Hexes
  5407 | D:7      | Reached skill level 5 in Short Blades
  5585 | D:7      | Noticed Prince Ribbit
  5658 | D:7      | Killed Prince Ribbit
  5658 | D:7      | Reached skill level 3 in Shields
  5665 | D:7      | Found a burning altar of Makhleb.
  5776 | D:7      | Reached skill level 3 in Invocations
  5961 | D:7      | Reached skill level 8 in Stealth
  6093 | D:8      | Reached skill level 4 in Shields
  6185 | D:8      | Reached XP level 10. HP: 53/63 MP: 9/18
  6228 | D:8      | Noticed Grum
  6230 | D:8      | Reached ** piety under Dithmenos
  6245 | D:8      | Reached skill level 4 in Invocations
  6254 | D:8      | Killed Grum
  6357 | D:8      | Noticed a two-headed ogre
  6359 | D:8      | Killed a two-headed ogre
  6359 | D:8      | Reached skill level 6 in Short Blades
  6359 | D:8      | Reached skill level 5 in Shields
  6359 | D:8      | Reached skill level 1 in Conjurations
  6359 | D:8      | Reached skill level 8 in Hexes
  6362 | D:8      | Reached skill level 5 in Invocations
  6542 | D:8      | Reached skill level 9 in Stealth
  6803 | D:8      | Found a snail-covered altar of Cheibriados.
  6871 | D:8      | Noticed a two-headed ogre
  6918 | D:8      | Killed a two-headed ogre
  6918 | D:8      | Reached skill level 2 in Conjurations
  7044 | D:9      | Found an ornate altar of the Wu Jian Council.
  7044 | D:9      | Found a snail-covered altar of Cheibriados.
  7044 | D:9      | Found a bloodstained altar of Trog.
  7210 | D:9      | Found an iron altar of Okawaru.
  7231 | D:8      | Reached XP level 11. HP: 68/68 MP: 7/19
  7310 | D:9      | Reached *** piety under Dithmenos
  7310 | D:9      | Reached skill level 6 in Shields
  7310 | D:9      | Reached skill level 6 in Invocations
  7318 | D:9      | Reached skill level 9 in Hexes
  7388 | D:9      | Reached skill level 3 in Conjurations
  7416 | D:9      | Found a staircase to the Lair.
  7481 | D:9      | Reached skill level 7 in Short Blades
  7758 | D:9      | Noticed a two-headed ogre
  7765 | D:9      | Killed a two-headed ogre
  7765 | D:9      | Reached skill level 10 in Stealth
  7934 | D:10     | Entered Level 10 of the Dungeon
  8126 | D:9      | Reached skill level 7 in Invocations
  8269 | D:10     | Reached skill level 7 in Shields
  8269 | D:10     | Reached skill level 4 in Conjurations
  8401 | D:10     | Noticed a tengu warrior
  8428 | D:10     | Reached skill level 1 in Throwing
  8461 | D:10     | Killed a tengu warrior
  8589 | D:10     | Reached **** piety under Dithmenos
  8998 | D:5      | Bought a scroll of remove curse for 33 gold pieces
  8998 | D:5      | Bought a scroll of identify for 22 gold pieces
  8998 | D:5      | Bought a scroll of silence for 82 gold pieces
  8998 | D:5      | Bought a scroll of amnesia for 38 gold pieces
  8998 | D:5      | Bought a scroll of identify for 22 gold pieces
  8998 | D:5      | Bought a scroll of remove curse for 33 gold pieces
  8998 | D:5      | Bought a scroll of enchant armour for 82 gold pieces
  8998 | D:5      | Bought a scroll of remove curse for 33 gold pieces
  9138 | Lair:1   | Entered Level 1 of the Lair of Beasts
  9158 | Lair:1   | Noticed a six-headed hydra
  9210 | Lair:1   | Reached skill level 2 in Throwing
  9210 | Lair:1   | Reached skill level 10 in Hexes
  9210 | Lair:1   | Reached XP level 12. HP: 74/74 MP: 17/20
  9553 | Lair:1   | Reached skill level 8 in Short Blades
  9580 | Lair:1   | Reached skill level 8 in Invocations
  9611 | Lair:1   | Reached skill level 3 in Throwing
  9611 | Lair:1   | Reached skill level 11 in Stealth
  9623 | Lair:1   | Reached skill level 8 in Shields
  9898 | Lair:2   | Learned a level 2 spell: Passwall
 10105 | Lair:2   | Reached skill level 1 in Earth Magic
 10110 | Lair:2   | Reached skill level 1 in Transmutations
 10187 | Lair:2   | Reached skill level 2 in Earth Magic
 10355 | Lair:2   | Found a staircase to the Swamp.
 10367 | Lair:2   | Learned a level 3 spell: Regeneration
 10380 | Lair:2   | Reached skill level 2 in Transmutations
 10545 | Lair:2   | Found a hole to the Spider Nest.
 10620 | Lair:2   | Reached ***** piety under Dithmenos
 10832 | Lair:2   | Reached skill level 4 in Throwing
 11055 | Lair:1   | Killed a six-headed hydra
 11055 | Lair:1   | Reached XP level 13. HP: 79/79 MP: 18/21
 11302 | D:11     | Reached skill level 3 in Earth Magic
 11413 | D:11     | Found Mockooni's Weapon Shop.
 11414 | D:11     | Found a staircase to the Orcish Mines.
 11415 | D:11     | Found Fopempuq's Armour Shop.
 11539 | D:11     | Reached skill level 11 in Hexes
 11754 | D:11     | Reached skill level 3 in Transmutations
 11786 | D:11     | Found a shattered altar of Ashenzari.
 11790 | D:11     | Saw a vision of the Swamp and the Spider Nest.
 11856 | D:11     | Reached skill level 9 in Invocations
 11868 | D:11     | Reached skill level 9 in Shields
 12129 | D:12     | Found a basalt altar of Yredelemnul.
 12876 | Orc:1    | Entered Level 1 of the Orcish Mines
 12944 | Orc:1    | Noticed Gastronok
 12945 | Orc:1    | Noticed Snorg
 12998 | Orc:1    | Killed Gastronok
 12998 | Orc:1    | Reached skill level 9 in Short Blades
 12998 | Orc:1    | Reached skill level 5 in Throwing
 12998 | Orc:1    | Reached skill level 12 in Stealth
 12998 | Orc:1    | Reached skill level 4 in Earth Magic
 13098 | Orc:1    | Killed Snorg
 13098 | Orc:1    | Reached skill level 4 in Transmutations
 13521 | Orc:2    | Entered Level 2 of the Orcish Mines
 13589 | Orc:2    | Noticed Donald
 13972 | Lair:3   | Noticed an entropy weaver
 13974 | Lair:3   | Found a runed door.
 13975 | Lair:3   | Reached skill level 5 in Earth Magic
 13996 | Lair:3   | Killed an entropy weaver
 14005 | Lair:3   | Reached skill level 2 in Dodging
 14014 | Lair:3   | Reached skill level 1 in Fighting
 14050 | Lair:3   | Noticed an entropy weaver
 14108 | Lair:3   | Killed an entropy weaver
 14124 | Lair:3   | Noticed a ghost crab
 14124 | Lair:3   | Killed a ghost crab
 14124 | Lair:3   | Reached XP level 14. HP: 89/89 MP: 18/22
 14160 | Lair:3   | Noticed an entropy weaver
 14160 | Lair:3   | Killed an entropy weaver
 14160 | Lair:3   | Reached skill level 2 in Fighting
 14160 | Lair:3   | Reached skill level 12 in Hexes
 14175 | Lair:3   | Reached skill level 10 in Invocations
 14486 | Lair:3   | Reached skill level 13 in Stealth
 14760 | Lair:3   | Reached skill level 3 in Dodging
 14771 | Lair:3   | Reached skill level 6 in Throwing
 15150 | Lair:4   | Reached skill level 3 in Fighting
 15502 | Lair:4   | Learned a level 2 spell: Corpse Rot
 15731 | Lair:5   | Reached ****** piety under Dithmenos
 16418 | Lair:5   | Found a viscous altar of Jiyva.
 16418 | Lair:5   | Found a staircase to the Slime Pits.
 16657 | Lair:6   | Entered Level 6 of the Lair of Beasts
 16778 | Lair:6   | Reached skill level 10 in Short Blades
 17010 | Lair:6   | Reached skill level 4 in Fighting
 17121 | Lair:6   | Reached skill level 4 in Dodging
 17212 | Lair:6   | Reached skill level 13 in Hexes
 17317 | Lair:6   | Reached skill level 1 in Necromancy
 17317 | Lair:6   | Reached XP level 15. HP: 85/100 MP: 11/23
 17429 | Lair:6   | Reached skill level 14 in Stealth
 18552 | Orc:2    | Noticed Erolcha
 18560 | Orc:1    | Killed Erolcha
 18572 | Orc:1    | Killed Donald
 18572 | Orc:1    | Reached skill level 7 in Throwing
 18572 | Orc:1    | Reached skill level 2 in Necromancy
 18693 | Orc:2    | Reached skill level 11 in Invocations
 19230 | Orc:1    | Reached skill level 5 in Fighting
 19410 | Orc:2    | Noticed an orc warlord
 19437 | Orc:2    | Killed an orc warlord
 19864 | Orc:2    | Found a staircase to the Elven Halls.
 20235 | Orc:2    | Found Qacab's Antique Armour Emporium.
 20236 | Orc:2    | Found Kyosoel's Antique Weapon Emporium.
 20237 | Orc:2    | Found Femecau's General Store.
 20237 | Orc:2    | Found Ostruq's Book Shoppe.
 20241 | Orc:2    | Bought a scroll of magic mapping for 45 gold pieces
 20305 | Orc:2    | Bought a pair of runed gloves for 240 gold pieces
 20318 | Orc:2    | Bought a scroll of magic mapping for 45 gold pieces
 20318 | Orc:2    | Bought a scroll of identify for 26 gold pieces
 20505 | D:11     | Noticed Josephine
 20518 | D:11     | Killed Josephine
 20572 | D:13     | Reached skill level 5 in Dodging
 20603 | D:13     | Found a gate to the Vaults.
 20752 | D:13     | Reached skill level 3 in Necromancy
 20955 | D:13     | Found a portal to a secret trove of treasure.
 20971 | D:13     | Found Jevollu's Book Boutique.
 21139 | D:13     | Reached skill level 14 in Hexes
 21225 | D:13     | Reached skill level 15 in Stealth
 21227 | D:13     | Reached XP level 16. HP: 111/111 MP: 24/24
 21261 | D:13     | Upgraded the game from 0.22-a0-21-g9421e3f to 0.22-a0-32-ga749362
 21731 | D:14     | Found a runed door.
 21731 | D:14     | Noticed a fire giant
 21731 | D:14     | Noticed a tengu reaver
 21895 | D:14     | Reached skill level 6 in Fighting
 22277 | D:15     | Entered Level 15 of the Dungeon
 22480 | D:15     | Found a staircase to the Depths.
 22612 | D:15     | Reached skill level 4 in Necromancy
 23180 | D:15     | Reached skill level 8 in Throwing
 23402 | D:15     | Found a deep blue altar of Sif Muna.
 23698 | D:14     | Killed a fire giant
 23796 | D:14     | Killed a tengu reaver
 23852 | D:14     | Learned a level 3 spell: Portal Projectile
 24021 | Swamp:1  | Entered Level 1 of the Swamp
 24059 | Swamp:1  | HP: 1/113 [four-headed hydra (14)]
 24060 | Swamp:1  | Slain by a four-headed hydra

Vault maps used:
D:1:      dpeg_arrival_tiny_b
D:2:      minivault_5, minmay_small_reverse_x, uniq_terence, uniq_natasha
D:3:      kennysheep_minor_cross, patterned_corridor
D:4:      fedhas_bush_and_centaur_altar, first_ration, serial_shops,
          kennysheep_little_box, nicolae_shop_waterfront, shop,
          nicolae_shop_waterfront, uniq_blork_the_orc
D:5:      minmay_temple_entry_statues_fountains, serial_shops, shop,
          kennysheep_mini, shop, shop
D:6:      portal_sewer_entry_f, serial_shops, nicolae_shop_statue_plus,
          uniq_duvessa, uniq_sigmund
D:7:      makhleb_blood_cavern_becter, grunt_ogre_cave, uniq_prince_ribbit1
D:8:      cheibrodos_worm_habitat, uniq_grum
D:9:      grunt_temple_overflow_open, lair_entry_dummy,
          minmay_misc_feat_diagonals, minmay_holes, okawaru_ov_weapons_minmay
D:10:     lightli_corner_chamber
D:11:     orc_david_3, grunt_ashenzari_visionary, uniq_josephine
D:12:     basic_altar
D:13:     lightli_vaults_fourway_checkpoint, serial_shops, shop_fountains,
          nicolae_trove_entry_path_of_doom
D:14:     kennysheep_treasure_room
D:15:     gammafunk_depths_entry_grave, lemuel_blue_sif_altar
Temple:   minmay_crystal_spiral_temple
Lair:1:   infiniplex_staircase_pool
Lair:2:   minmay_swamp_entry_worms, nicolae_spider_entry_non_spiders,
          wad_woods_03
Lair:3:   gammafunk_mikee_crab_dinner, pond, grunt_megastairs_2
Lair:4:   nicolae_lair_grove_arrangements, grunt_forest_stairs_clearing,
          lemuel_fruit_fields
Lair:5:   dpeg_slime_entry_enclosed_altar
Lair:6:   minmay_lair_end_enchanted_forest
Swamp:1:  evilmike_swamp_ruin_house_4, uniq_frances
Orc:1:    uniq_gastronok, uniq_snorg
Orc:2:    st_orc_congregation, uniq_erolcha, uniq_donald
Sewer:    sewer_kobolds

Skill      XL: |  1  2  3  4  5  6  7  8  9 10 11 12 13 14 15 16 |
---------------+-------------------------------------------------+-----
Stealth        | 4 5 6 7 8 9 10 11 12 13 15 | 15.7
Hexes          | 4 5 6 7 8 10 11 13 14 | 14.7
Ice Magic      | 1 2 3 4 |  4.0
Short Blades   | 2 3 4 5 6 7 8 9 10 | 10.9
Spellcasting   | 3 4 5 |  5.5
Shields        | 1 4 5 7 8 9 |  9.0
Invocations    | 1 3 5 7 8 9 10 11 | 11.8
Conjurations   | 2 4 |  4.0
Throwing       | 2 4 5 6 7 8 |  8.1
Earth Magic    | 2 5 |  5.5
Transmutations | 2 4 |  4.5
Dodging        | 2 4 5 |  5.9
Fighting       | 1 4 5 6 |  6.5
Necromancy     | 1 3 4 |  4.0

Action                   |  1- 3 |  4- 6 |  7- 9 | 10-12 | 13-15 | 16-18 || total
-------------------------+-------+-------+-------+-------+-------+-------++-------
Melee: Dagger            |    67 |    67 |   353 |   420 |   861 |   231 ||  1999
       Rapier            |       |    30 |       |       |    51 |       ||    81
Throw: Tomahawk          |       |       |     1 |     1 |     2 |       ||     4
 Cast: Ensorcelled Hiber |     6 |    25 |    76 |   107 |   227 |    74 ||   515
       Confuse           |       |     1 |    19 |     7 |    26 |    16 ||    69
       Dazzling Spray    |       |       |     2 |    15 |   101 |    12 ||   130
       Tukima's Dance    |       |       |     2 |     3 |     3 |     2 ||    10
       Passwall          |       |       |       |     1 |    21 |    10 ||    32
       Corona            |       |       |       |       |     1 |       ||     1
       Corpse Rot        |       |       |       |       |     2 |       ||     2
       Regeneration      |       |       |       |       |     1 |     3 ||     4
 Abil: Dig               |       |       |       |     5 |     2 |       ||     7
Evoke: Wand              |       |       |       |       |     1 |       ||     1
  Use: Scroll            |       |       |     9 |     2 |    10 |     1 ||    22
       Potion            |       |       |     1 |     4 |     2 |     1 ||     8
 Stab: Sleeping          |    17 |    20 |    49 |   105 |   207 |    59 ||   457
       Confused          |       |       |    12 |     6 |    16 |     7 ||    41
       Distracted        |       |       |       |     2 |     8 |     3 ||    13
       Invisible         |       |       |       |     5 |    27 |       ||    32
  Eat: Chunk             |       |     6 |    15 |    18 |    43 |     9 ||    91
       Ration            |       |       |       |       |       |     1 ||     1
Armor: Robe              |     7 |    13 |    25 |    17 |    72 |    16 ||   150
       Skin              |       |       |     5 |    16 |       |       ||    21
Dodge: Dodged            |    34 |    63 |   229 |   188 |   370 |    71 ||   955
       Deflected         |       |       |       |       |       |     4 ||     4
Block: Buckler           |       |       |    30 |    50 |       |       ||    80
       Shield            |       |       |       |    51 |   367 |    59 ||   477
       Reflection        |       |       |       |       |     5 |     7 ||    12

Table legend:
 A = Spawn XP
 B = Non-spawn XP
 C = Spawn XP percentage of total XP
 D = Spawn monster count
 E = Non-spawn monster count
 F = Spawn count percentage of total count
 G = Total turns spent on level
                    A         B        C        D         E        F      G
               +---------+---------+-------+---------+---------+-------+---------
         Total |       0 |  141321 |   0.0 |       0 |     767 |   0.0 | 24060
               +---------+---------+-------+---------+---------+-------+---------
           D:1 |       0 |      26 |   0.0 |       0 |      15 |   0.0 |   598
           D:2 |       0 |     221 |   0.0 |       0 |      26 |   0.0 |  1077
           D:3 |       0 |     218 |   0.0 |       0 |      21 |   0.0 |   767
           D:4 |       0 |     598 |   0.0 |       0 |      20 |   0.0 |  1077
           D:5 |       0 |     642 |   0.0 |       0 |      20 |   0.0 |  1074
           D:6 |       0 |     505 |   0.0 |       0 |      13 |   0.0 |   572
           D:7 |       0 |    1198 |   0.0 |       0 |      27 |   0.0 |   845
           D:8 |       0 |    3339 |   0.0 |       0 |      38 |   0.0 |  1120
           D:9 |       0 |    4020 |   0.0 |       0 |      33 |   0.0 |  1135
          D:10 |       0 |    4117 |   0.0 |       0 |      30 |   0.0 |   867
          D:11 |       0 |    4284 |   0.0 |       0 |      20 |   0.0 |   967
          D:12 |       0 |    2203 |   0.0 |       0 |      29 |   0.0 |   938
          D:13 |       0 |   13335 |   0.0 |       0 |      49 |   0.0 |  1225
          D:14 |       0 |   12628 |   0.0 |       0 |      34 |   0.0 |   732
          D:15 |       0 |   15474 |   0.0 |       0 |      42 |   0.0 |  1360
        Lair:1 |       0 |    4807 |   0.0 |       0 |      19 |   0.0 |   884
        Lair:2 |       0 |    7299 |   0.0 |       0 |      40 |   0.0 |  1249
        Lair:3 |       0 |   16847 |   0.0 |       0 |      36 |   0.0 |  1225
        Lair:4 |       0 |    5294 |   0.0 |       0 |      21 |   0.0 |   814
        Lair:5 |       0 |    7950 |   0.0 |       0 |      30 |   0.0 |  1045
        Lair:6 |       0 |   15358 |   0.0 |       0 |      72 |   0.0 |  1491
       Swamp:1 |       0 |     739 |   0.0 |       0 |       1 |   0.0 |    39
         Orc:1 |       0 |    8786 |   0.0 |       0 |      25 |   0.0 |  1523
         Orc:2 |       0 |   11283 |   0.0 |       0 |      96 |   0.0 |  1191
         Sewer |       0 |     150 |   0.0 |       0 |      10 |   0.0 |   160
               +---------+---------+-------+---------+---------+-------+---------
